 Dungeon Crawl Stone Soup version 0.32-a0-360-gcd93b57ba1 (webtiles) character file.

Game seed: 17573545474287125986

82385 pickledwalnut the Covert (level 15, 68/120 HPs)
             Began as a Gnoll Delver on Sept 25, 2020.
             Was the Champion of Makhleb.
             Quit the game on level 1 of the Swamp on Feb 18, 2024.
             The game lasted 01:13:54 (22615 turns).

pickledwalnut the Covert (Gnoll Delver)            Turns: 22615, Time: 01:13:54

Health: 68/120     AC: 27    Str: 25    XL:     15   Next: 73%
Magic:  38/38      EV: 17    Int: 14    God:    Makhleb [******]
Gold:   2092       SH:  0    Dex: 23    Spells: 31/34 levels left

rFire   . . .        a - +9 lajatang "Ajolueha" {flame, rN+}
rCold   . . .        (shield currently unavailable)
rNeg    + . .        k - +8 chain mail "Iroyg" {rElec Regen+}
rPois   .            (no helmet)
rElec   +            x - scarf {harm}
rCorr   .            j - +1 pair of gloves
SInv    +            m - +2 pair of boots
Will    ++...        s - amulet "Ciokur" {RegenMP Slay+6 SInv}
Stlth   +++          R - +6 ring of strength
HPRegen 1.20/turn    p - ring "Myurphuxi" {MP+9 Dex+6 Slay+5 SInv}
MPRegen 0.66/turn

%: harm (+30% outgoing, +20% incoming)
@: no status effects
A: fangs 1, strong nose, distributed training, icy blue scales 1, strong-willed
1, electricity resistance
a: Renounce Religion, Minor Destruction, Lesser Servant of Makhleb, Major
Destruction, Greater Servant of Makhleb


You were on level 1 of the Swamp.
You worshipped Makhleb.
Makhleb was exalted by your worship.
You visited 5 branches of the dungeon, and saw 23 of its levels.
You also visited: Bailey.

You collected 3809 gold pieces.
You spent 1717 gold pieces at shops.

Inventory:

Hand Weapons
 a - the +9 lajatang "Ajolueha" (weapon) {flame, rN+}
   (You acquired it on level 5 of the Lair of Beasts)

   rN+:       It protects you from negative energy.
 b - a +3 sling of flaming
 n - a +4 whip of electrocution
 t - a +2 short sword of distortion
 M - a +2 sling of freezing
Missiles
 f - 47 poisoned darts (quivered)
 C - 584 stones
 D - 119 sling bullets
Armour
 j - a +1 pair of gloves (worn)
 k - the +8 chain mail "Iroyg" (worn) {rElec Regen+}
   (You acquired it on level 5 of the Lair of Beasts)

   rElec:     It insulates you from electricity.
   Regen+:    It increases your rate of health regeneration.
 m - a +2 pair of boots (worn)
 x - a scarf of harm (worn)
 y - a +2 cloak
 K - the +5 scale mail of the Three Nightingales {Harm Str+2 Dex+2, unknown}
   (You found it on level 1 of the Swamp)

   Str+2:     It affects your strength (+2).
   Dex+2:     It affects your dexterity (+2).
   Harm:      It increases damage dealt and taken.
 O - a +6 scale mail of fire resistance
Jewellery
 p - the ring "Myurphuxi" (right hand) {MP+9 Dex+6 Slay+5 SInv}
   (You bought it in a shop on level 6 of the Dungeon)

   [ring of see invisible]

   Dex+6:     It affects your dexterity (+6).
   Slay+5:    It affects your accuracy & damage with ranged weapons and melee
   (+5).
   MP+9:      It affects your magic capacity (+9).
   SInv:      It lets you see invisible.
 s - the amulet "Ciokur" (around neck) {RegenMP Slay+6 SInv}
   (You bought it in a shop on level 6 of the Dungeon)

   [amulet of magic regeneration]

   RegenMP:   It increases your rate of magic regeneration.
   Slay+6:    It affects your accuracy & damage with ranged weapons and melee
   (+6).
   SInv:      It lets you see invisible.
 A - a +4 ring of protection {unknown}
 I - a ring of magical power
 R - a +6 ring of strength (left hand)
 W - an amulet of reflection
 Z - a ring of protection from cold
Wands
 g - a wand of digging (11)
 o - a wand of acid (11)
 B - a wand of charming (13)
 L - a wand of iceblast (30)
 Q - a wand of flame (53)
 Y - a wand of paralysis (22)
Scrolls
 c - 4 scrolls of fog
 d - 3 scrolls of revelation
 e - 7 scrolls of fear
 h - 4 scrolls of amnesia
 i - 5 scrolls of blinking
 l - 3 scrolls of removedness
 r - 3 scrolls of teleportation
 u - 4 scrolls of immolation
 z - a scroll of brand weapon
 S - 2 scrolls of vulnerability
 T - a scroll of summoning {unknown}
Potions
 q - 4 potions of curing
 v - 5 potions of ambrosia
 w - 2 potions of enlightenment
 E - 2 potions of might
 F - 6 potions of brilliance
 G - 2 potions of magic
 H - 3 potions of degeneration
 J - 2 potions of invisibility
 N - 4 potions of lignification
 P - 3 potions of attraction
 V - 2 potions of resistance
 X - 2 potions of cancellation


   Skills:
 + Level 12.1 Fighting
 + Level 10.3 Short Blades
 + Level 10.3 Long Blades
 + Level 11.3 Axes
 + Level 10.3 Maces & Flails
 + Level 10.3 Polearms
 + Level 10.3 Staves
 + Level 10.3 Ranged Weapons
 + Level 10.3 Throwing
 + Level 10.3 Armour
 + Level 11.3 Dodging
 + Level 13.8 Stealth
 + Level 10.3 Shields
 + Level 10.3 Unarmed Combat
 + Level 10.3 Spellcasting
 + Level 8.6 Conjurations
 + Level 8.6 Hexes
 + Level 8.6 Summonings
 + Level 8.6 Necromancy
 + Level 8.6 Translocations
 + Level 8.6 Fire Magic
 + Level 8.6 Ice Magic
 + Level 8.6 Air Magic
 + Level 8.6 Earth Magic
 + Level 8.6 Alchemy
 + Level 11.2 Invocations
 + Level 10.3 Evocations
 + Level 9.5 Shapeshifting


You had 31 spell levels left.
You knew the following spells:

 Your Spells              Type           Power      Damage    Failure   Level
a - Frozen Ramparts       Ice            62%        1d10      3%          3

Your spell library contained the following spells:

 Spells                   Type           Power      Damage    Failure   Level
 Corona                   Hex            31%        N/A       1%          1
 Freeze                   Ice            100%       1d10      1%          1
 Slow                     Hex            100%       N/A       1%          1
 Static Discharge         Conj/Air       62%        3-6/arc   1%          2
 Hailstorm                Conj/Ice       31%        3d8       3%          3
 Inner Flame              Hex/Fire       31%        N/A       3%          3
 Ozocubu's Armour         Ice            31%        N/A       3%          3
 Portal Projectile        Hex/Tloc       62%        N/A       3%          3
 Summon Ice Beast         Ice/Summ       31%        N/A       3%          3
 Cause Fear               Hex            15%        N/A       11%         4
 Leda's Liquefaction      Alch/Erth      15%        N/A       11%         4
 Bolt of Magma            Conj/Fire/Erth 15%        4d9       30%         5
 Iskenderun's Battlesphe  Conj           31%        2d8       30%         5
 Lightning Bolt           Conj/Air       15%        1d29      30%         5
 Bombard                  Conj/Erth      15%        9d3       86%         6
 Orb of Destruction       Conj           15%        9d7       100%        7
 Spellforged Servitor     Conj/Summ      15%        N/A       100%        7
 Ignition                 Fire           15%        3d6       100%        8
 Polar Vortex             Ice            15%        12d2*     100%        9
 Shatter                  Erth           15%        3d15*     100%        9


Dungeon Overview and Level Annotations

Branches:
Dungeon (13/15)            Temple (1/1) D:4            Lair (6/6) D:9
  Swamp (1/4) Lair:4        Snake (0/4) Lair:3        Slime (0/5) Lair:5
    Orc (2/2) D:10            Elf (0/3) Orc:2        Vaults (0/5) D:13
 Bailey (visited)

Altars:
Cheibriados
Dithmenos
Elyvilon
Gozag
Hepliaklqana
Kikubaaqudgha
Makhleb
Qazlal
Ru
Sif Muna
Trog
Uskayaw
Vehumet
Wu Jian
Xom
Yredelemnul
Zin
The Shining One
Beogh
Jiyva

Shops:
D:6 =   D:9 *   Orc:1 :   Orc:2 *=**

Portals:
Trove: D:10 (give 8 potions of haste)

Annotations:
D:7 Leosaost's ghost, novice GnWr


Innate Abilities, Weirdness & Mutations

You have very sharp teeth.
Your uncanny sense of smell can sniff out nearby items.
Your experience applies equally to all skills.
You are partially covered in icy blue scales. (AC +2)
You are strong-willed. (Will+)
You are resistant to electric shocks. (rElec)


Message History

You closely miss the tyrant leech.
The tyrant leech is almost dead.
The swamp drake barely misses you. The tyrant leech bites you!!
The tyrant leech draws strength from your injuries!
You slice the tyrant leech!! You burn the tyrant leech.
You kill the tyrant leech!
Makhleb accepts your kill.
You feel better. The tyrant leech bites you!!
The tyrant leech draws strength from your injuries!
The swamp drake barely misses you.
A white very ugly thing comes into view.
A cane toad comes into view.
The swamp drake breathes noxious fumes at you.
The noxious blast engulfs you but does no damage.
The insubstantial wisp blinks!
The tyrant leech is engulfed in noxious fumes.
The tyrant leech appears confused.
You are engulfed in noxious fumes.
The tyrant leech is engulfed in noxious fumes.
You are engulfed in noxious fumes.
You choke on the stench!
You are confused.
You nearly stumble into some deep water!
You feel less confused.
The tyrant leech seems less confused.
The tyrant leech bites you!
The tyrant leech draws strength from your injuries!
There is a stone staircase leading down, spattered with blood here.
The insubstantial wisp blinks!
The tyrant leech barely misses you.
Saving game... please wait.
Welcome back, pickledwalnut the Gnoll Delver.
Blood and souls for Makhleb!
Press ? for a list of commands and other information.
Your Fighting skill increases to level 12!
Your Slings skill decreases to level 9!
Your Crossbows skill decreases to level 9!
Your Transmutations skill increases to level 9!
Your Shapeshifting skill increases to level 9!
Welcome back, pickledwalnut the Gnoll Delver.
Blood and souls for Makhleb!
Press ? for a list of commands and other information.
Are you sure you want to abandon this character and quit the game? (Confirm with "yes".)

♣.≈v≈≈≈≈≈≈..≈≈
♣.~°.....♣.~~ ♣♣♣♣♣
♣..†......~≈ ♣♣♣♣♣
♣♣..~♣♣♣♣♣♣v..~♣.~≈
~.~.~ ♣.~≈.♣...~♣vv.♣♣
.....♣♣.≈≈..~≈..k.≈≈~♣♣
...≈≈..~~..≈≈≈≈.wwv...♣
.≈≈≈≈≈.~.~.≈≈≈≈..~..♣♣♣
.§≈≈≈≈.§♣♣♣.≈≈≈.@...♣
♣♣♣.....♣♣♣~~♣~...~~.~♣
♣♣~....♣♣♣...~♣.≈~♣..~♣
♣~....†♣♣†≈≈≈~♣...♣~~♣♣
...≈~.~.†.~≈≈.♣♣♣♣♣♣♣♣
♣.....≈≈≈≈.§~..♣
♣♣♣♣♣♣♣
♣♣♣~..≈≈≈≈~.≈≈~♣
♣♣♣.≈≈≈.♣
♣...≈≈≈≈≈~≈≈≈♣
♣♣~.~≈≈≈.♣
♣...≈≈≈≈≈..≈.♣♣
♣♣§..~≈≈~.♣♣


You could see 2 tyrant leeches, a swamp drake and 4 insubstantial wisps.

Vanquished Creatures
  Kirke (D:12)
  An orc warlord (Orc:1)
  Snorg (Lair:3)
  A fire dragon (Lair:6)
  A great orb of eyes (D:13)
  8 vault guards (D:13)
  Harold (D:7)
  A catoblepas (Lair:6)
  5 hydras
  2 centaur warriors
  4 two-headed ogres
  A deep troll earth mage (D:13)
  A dancing weapon (D:13)
  Sonja (D:11)
  A fire crab (Lair:6)
  3 skeletal warriors (D:12)
  A spriggan (Swamp:1)
  2 cherubim (D:13)
  An unseen horror (D:13)
  2 orc knights (Orc:1)
  9 orc sorcerers
  3 cyclopes
  2 ugly things
  5 elephants (Lair:2)
  Joseph (D:7)
  9 black mambas
  3 molten gargoyles (Lair:6)
  A kobold demonologist (D:11)
  8 cane toads
  7 rime drakes
  12 komodo dragons
  A tengu conjurer (D:10)
  8 trolls
  3 hornets
  2 bog bodies (Swamp:1)
  13 blink frogs
  A tyrant leech (Swamp:1)
  Prince Ribbit (D:8)
  3 slime creatures (D:13)
  16 removed hippogriffs
  Sigmund (D:2)
  A meliai zombie (D:13)
  A vampire (D:10)
  2 shadows (D:10)
  14 wyverns
  2 wraiths
  45 yaks
  5 basilisks
  A steam dragon (Lair:6)
  3 vampire mosquitoes (Swamp:1)
  8 wargs
  A removed soldier ant (D:11)
  16 water moccasins
  Duvessa (D:7)
  4 hell hounds (Lair:6)
  6 removed porcupines
  4 swamp drakes (Swamp:1)
  2 removed eyes of draining
  2 necrophages (D:11)
  4 phantoms
  5 sky beasts
  4 ice beasts
  5 black bears
  10 ogres
  19 orc warriors
  13 crocodiles
  17 centaurs
  13 wolves
  2 kobold brigands
  17 bullfrogs
  Dowan (D:7)
  4 scorpions
  A water moccasin zombie (D:6)
  5 killer bees (D:13)
  2 troll zombies (D:10)
  2 howler monkeys
  3 wights (D:10)
  2 bullfrog zombies
  5 lava snakes (Lair:6)
  3 centaur zombies
  3 quasits
  7 hounds
  3 jellies
  15 orc priests
  30 orc wizards
  3 bullfrog skeletons
  3 centaur skeletons
  5 iguanas
  7 removed worker ants
  A killer bee zombie (D:3)
  6 ogre zombies (D:10)
  2 removed worker ant zombies
  Robin (D:4)
  13 adders
  2 shadow imps
  2 white imps (D:10)
  4 ufetubi
  An endoplasm (D:1)
  2 adder skeletons
  3 ribbon worms
  A dart slug (D:2)
  87 orcs
  5 removed leopard geckos
  5 giant cockroaches
  17 goblins
  8 hobgoblins
  12 jackals
  23 kobolds
  4 quokkas
  A ball python (D:1)
  7 bats
  3 frilled lizards
  4 goblin skeletons (D:10)
  5 goblin zombies (D:10)
  A jackal skeleton (D:4)
  A jackal zombie (D:5)
  4 orc skeletons (D:10)
  12 orc zombies (D:10)
  3 rats
719 creatures vanquished.

Vanquished Creatures (others)
  A tengu reaver (D:13)
  3 humans (D:12)
  An orc warrior (D:12)
  A bullfrog skeleton (D:12)
6 creatures vanquished.

Grand Total: 725 creatures vanquished

Notes
Turn   | Place    | Note
-------+----------+-------------------------------------------
     0 | D:5      | Reached skill level 9 in Stealth
     0 | D:5      | pickledwalnut the Gnoll Delver began the quest for the Orb.
     0 | D:5      | Reached XP level 1. HP: 23/23 MP: 1/1
    44 | D:5      | Noticed a scorpion
   116 | D:4      | Noticed an ogre
   255 | D:3      | Reached XP level 2. HP: 22/29 MP: 2/2
   268 | D:3      | Reached XP level 3. HP: 25/35 MP: 3/3
   372 | D:2      | Reached skill level 1 in Invocations
   600 | D:2      | You fall into a shaft and drop 1 floor!
   670 | D:2      | Reached skill level 1 in Short Blades
   670 | D:2      | Reached skill level 1 in Long Blades
   670 | D:2      | Reached skill level 1 in Maces & Flails
   670 | D:2      | Reached skill level 1 in Polearms
   670 | D:2      | Reached skill level 1 in Staves
   670 | D:2      | Reached skill level 1 in Slings
   670 | D:2      | Reached skill level 1 in Ranged Weapons
   670 | D:2      | Reached skill level 1 in Crossbows
   670 | D:2      | Reached skill level 1 in Throwing
   670 | D:2      | Reached skill level 1 in Armour
   670 | D:2      | Reached skill level 1 in Shields
   670 | D:2      | Reached skill level 1 in Unarmed Combat
   670 | D:2      | Reached skill level 1 in Spellcasting
   670 | D:2      | Reached skill level 1 in Evocations
   670 | D:2      | Reached XP level 4. HP: 41/41 MP: 5/5
   872 | D:4      | Found a staircase to the Ecumenical Temple.
   916 | Temple   | Entered the Ecumenical Temple
   931 | Temple   | Became a worshipper of Makhleb the Destroyer
  1311 | D:1      | Reached skill level 1 in Conjurations
  1311 | D:1      | Reached skill level 1 in Hexes
  1311 | D:1      | Reached skill level 1 in Summonings
  1311 | D:1      | Reached skill level 1 in Necromancy
  1311 | D:1      | Reached skill level 1 in Translocations
  1311 | D:1      | Reached skill level 1 in Transmutations
  1311 | D:1      | Reached skill level 1 in Fire Magic
  1311 | D:1      | Reached skill level 1 in Ice Magic
  1311 | D:1      | Reached skill level 1 in Air Magic
  1311 | D:1      | Reached skill level 1 in Earth Magic
  1311 | D:1      | Reached skill level 1 in Alchemy
  1790 | D:2      | Noticed Sigmund
  1799 | D:2      | Killed Sigmund
  1799 | D:2      | Reached XP level 5. HP: 36/47 MP: 5/7
  1799 | D:2      | Reached XP level 6. HP: 41/53 MP: 5/8
  2026 | D:2      | Reached skill level 5 in Axes
  2026 | D:2      | Reached skill level 5 in Dodging
  2698 | D:3      | Reached * piety under Makhleb
  2916 | D:3      | Found an ornate altar of the Wu Jian Council.
  3001 | D:3      | Found a glowing silver altar of Zin.
  3152 | D:4      | Noticed Robin
  3161 | D:4      | Killed Robin
  3442 | D:4      | Reached XP level 7. HP: 57/60 MP: 10/10
  4026 | D:4      | Reached ** piety under Makhleb
  4197 | D:4      | Found a hazy altar of Hepliaklqana.
  4926 | D:5      | Found a sacrificial altar of Ru.
  5013 | D:5      | Reached skill level 10 in Stealth
  5238 | D:5      | Learned a level 3 spell: Frozen Ramparts
  5283 | D:6      | Reached XP level 8. HP: 59/67 MP: 12/12
  5520 | D:6      | Found Manissar's Jewellery Boutique.
  5960 | D:6      | Found a shimmering blue altar of Sif Muna.
  6287 | D:7      | Found a flagged portal.
  6294 | Bailey   | Entered a bailey
  6398 | D:7      | Noticed Joseph
  6416 | D:7      | Killed Joseph
  6416 | D:7      | Reached XP level 9. HP: 24/73 MP: 15/15
  6901 | D:7      | Noticed Harold
  6916 | D:7      | Killed Harold
  6916 | D:7      | Reached skill level 5 in Invocations
  7316 | D:7      | Found a runed translucent gate.
  7316 | D:7      | Found a runed translucent gate.
  7318 | D:7      | Found a runed translucent gate.
  7364 | D:7      | Found an opulent altar of Gozag.
  7366 | D:7      | Noticed Leosaost's ghost (novice GnWr)
  7382 | D:7      | Noticed Duvessa
  7396 | D:7      | Noticed Dowan
  7412 | D:7      | Killed Duvessa
  7429 | D:7      | Killed Dowan
  7429 | D:7      | Reached XP level 10. HP: 43/80 MP: 17/17
  7895 | D:7      | Found a basalt altar of Yredelemnul.
  8120 | D:8      | Reached skill level 5 in Short Blades
  8120 | D:8      | Reached skill level 5 in Long Blades
  8120 | D:8      | Reached skill level 5 in Maces & Flails
  8120 | D:8      | Reached skill level 5 in Polearms
  8120 | D:8      | Reached skill level 5 in Staves
  8120 | D:8      | Reached skill level 5 in Slings
  8120 | D:8      | Reached skill level 5 in Ranged Weapons
  8120 | D:8      | Reached skill level 5 in Crossbows
  8120 | D:8      | Reached skill level 5 in Throwing
  8120 | D:8      | Reached skill level 5 in Armour
  8120 | D:8      | Reached skill level 5 in Shields
  8120 | D:8      | Reached skill level 5 in Unarmed Combat
  8120 | D:8      | Reached skill level 5 in Spellcasting
  8120 | D:8      | Reached skill level 5 in Evocations
  8313 | D:8      | Noticed Prince Ribbit
  8322 | D:8      | Killed Prince Ribbit
  8324 | D:8      | Reached *** piety under Makhleb
  8430 | D:8      | Found a snail-covered altar of Cheibriados.
  8900 | D:9      | Found Elaeqead's Demolitions Depot.
  8998 | D:9      | Reached skill level 11 in Stealth
  9205 | D:9      | Found a hide-covered altar of Uskayaw.
  9428 | D:9      | Reached XP level 11. HP: 87/87 MP: 19/19
  9571 | D:9      | Reached **** piety under Makhleb
  9828 | D:9      | Found a staircase to the Lair.
 10053 | Lair:1   | Entered Level 1 of the Lair of Beasts
 10088 | Lair:1   | Reached skill level 5 in Conjurations
 10088 | Lair:1   | Reached skill level 5 in Hexes
 10088 | Lair:1   | Reached skill level 5 in Summonings
 10088 | Lair:1   | Reached skill level 5 in Necromancy
 10088 | Lair:1   | Reached skill level 5 in Translocations
 10088 | Lair:1   | Reached skill level 5 in Transmutations
 10088 | Lair:1   | Reached skill level 5 in Fire Magic
 10088 | Lair:1   | Reached skill level 5 in Ice Magic
 10088 | Lair:1   | Reached skill level 5 in Air Magic
 10088 | Lair:1   | Reached skill level 5 in Earth Magic
 10088 | Lair:1   | Reached skill level 5 in Alchemy
 11778 | Lair:2   | Noticed a seven-headed hydra
 12421 | D:6      | Bought the amulet "Ciokur" {RegenMP Slay+6 SInv} for 664
                  | gold pieces
 12694 | Lair:2   | Reached XP level 12. HP: 87/96 MP: 22/22
 12923 | Lair:3   | Found a white marble altar of Elyvilon.
 13030 | Lair:3   | Noticed Snorg
 13046 | Lair:3   | Killed Snorg
 13203 | Lair:3   | Found a staircase to the Snake Pit.
 13581 | Lair:3   | You fall into a shaft and drop 2 floors!
 13581 | Lair:5   | Noticed a four-headed hydra
 13586 | Lair:5   | Gained mutation: You are partially covered in icy blue
                  | scales. (AC +2) [potion of mutation]
 13586 | Lair:5   | Gained mutation: You are strong-willed. (Will+) [potion of
                  | mutation]
 13586 | Lair:5   | Gained mutation: You are resistant to electric shocks.
                  | (rElec) [potion of mutation]
 13682 | Lair:5   | Reached ***** piety under Makhleb
 13705 | Lair:5   | Reached skill level 10 in Fighting
 14010 | Lair:5   | Reached skill level 12 in Stealth
 14019 | Lair:5   | Found a viscous altar of Jiyva.
 14020 | Lair:5   | Found a staircase to the Slime Pits.
 14062 | Lair:5   | Killed a four-headed hydra
 14115 | Lair:5   | Reached XP level 13. HP: 101/103 MP: 24/24
 14669 | Lair:6   | Entered Level 6 of the Lair of Beasts
 14676 | Lair:5   | Identified 3 scrolls of acquirement
 14676 | Lair:5   | Acquired 1120 gold pieces
 14678 | Lair:5   | Acquired the +8 chain mail "Iroyg" {rElec Regen+}
 14690 | Lair:5   | Acquired the +9 lajatang "Ajolueha" {flame, rN+}
 14902 | D:6      | Bought the ring "Myurphuxi" {MP+9 Dex+6 Slay+5 SInv} for
                  | 745 gold pieces
 15818 | Lair:4   | Found a staircase to the Swamp.
 16808 | Lair:6   | Noticed a fire dragon
 16826 | Lair:6   | Reached XP level 14. HP: 111/111 MP: 26/26
 16835 | Lair:6   | Reached skill level 10 in Axes
 16835 | Lair:6   | Reached skill level 10 in Dodging
 16900 | Lair:6   | Found a large runed translucent door.
 16901 | Lair:6   | Found a large runed translucent door.
 17017 | Lair:6   | Found a shadowy altar of Dithmenos.
 17125 | Lair:6   | Found the +18 shield of the Gong {rElec rN+ MR+ EV-5}
 17466 | D:10     | Entered Level 10 of the Dungeon
 17547 | D:10     | Reached ****** piety under Makhleb
 17589 | D:10     | Found a staircase to the Orcish Mines.
 18087 | D:10     | Found a portal to a secret trove of treasure.
 18200 | D:11     | Noticed Sonja
 18207 | D:11     | Killed Sonja
 18279 | D:11     | Reached skill level 10 in Invocations
 19215 | D:12     | Noticed Kirke
 19225 | D:12     | Killed Kirke
 19236 | D:12     | Reached skill level 13 in Stealth
 19717 | D:13     | Found a gate to the Vaults.
 19751 | D:13     | Reached XP level 15. HP: 119/119 MP: 28/28
 20547 | D:13     | Noticed a tengu reaver
 20571 | D:13     | Reached skill level 10 in Short Blades
 20571 | D:13     | Reached skill level 10 in Long Blades
 20571 | D:13     | Reached skill level 10 in Maces & Flails
 20571 | D:13     | Reached skill level 10 in Polearms
 20571 | D:13     | Reached skill level 10 in Staves
 20571 | D:13     | Reached skill level 10 in Slings
 20571 | D:13     | Reached skill level 10 in Ranged Weapons
 20571 | D:13     | Reached skill level 10 in Crossbows
 20571 | D:13     | Reached skill level 10 in Throwing
 20571 | D:13     | Reached skill level 10 in Armour
 20571 | D:13     | Reached skill level 10 in Shields
 20571 | D:13     | Reached skill level 10 in Unarmed Combat
 20571 | D:13     | Reached skill level 10 in Spellcasting
 20571 | D:13     | Reached skill level 10 in Evocations
 20730 | Orc:1    | Entered Level 1 of the Orcish Mines
 20809 | Orc:1    | Noticed an orc warlord
 20942 | Orc:1    | Killed an orc warlord
 21010 | Orc:1    | Found Vela Ukir's Book Emporium.
 21426 | Orc:2    | Entered Level 2 of the Orcish Mines
 21611 | Orc:2    | Found a roughly hewn altar of Beogh.
 21646 | Orc:2    | Found a staircase to the Elven Halls.
 21871 | Orc:2    | Found Sihuqig's Jewellery Emporium.
 21895 | Orc:2    | Found Urigol's Assorted Antiques.
 21914 | Orc:2    | Bought a scroll of identify for 78 gold pieces
 21914 | Orc:2    | Bought a scroll of identify for 78 gold pieces
 22025 | Orc:2    | Found Jiafulit's General Store.
 22040 | Orc:2    | Bought a scroll of blinking for 120 gold pieces
 22040 | Orc:2    | Bought a scroll of identify for 32 gold pieces
 22046 | Orc:2    | Found Rexa's General Store.
 22400 | Swamp:1  | Entered Level 1 of the Swamp
 22435 | Swamp:1  | Got a faintly glowing scale mail
 22615 | Swamp:1  | Upgraded the game from 0.26-a0-639-g72c4674329 to
                  | 0.26-a0-651-gb41185065b
 22615 | Swamp:1  | Upgraded the game from 0.26-a0-651-gb41185065b to
                  | 0.32-a0-360-gcd93b57ba1
 22615 | Swamp:1  | Quit the game

Illustrated notes

Levels and vault maps discovered:
D:1:      dpeg_arrival_tiny_d, layout_basic
D:2:      layout_basic, uniq_sigmund
D:3:      layout_rooms, lemuel_coloured_pillars_altar,
          nicolae_overflow_crystal_walls
D:4:      layout_layer_cave, nicolae_overflow_hidden_temple,
          minmay_temple_entry_offerings, solitary_fountain, uniq_robin
D:5:      layout_gridville, lemuel_crystal_altar,
          eino_small_chamber_without_monster, dk_noncrumbling_4,
          hangedman_decor_riveting
D:6:      layout_loops_ring, marbit_many_paths, serial_shops,
          nicolae_shop_crystal, enter_ossuary_3, dk_noncrumbling_2
D:7:      layout_basic, kennysheep_little_box, enter_bailey_3,
          ebering_ghost_gozag, lightli_orcish_oven, uniq_harold, uniq_joseph,
          uniq_duvessa
D:8:      layout_basic, cheibriados_altar_1, serial_park_tiny_pond,
          uniq_prince_ribbit1
D:9:      layout_irregular_city, grunt_lair_entry_orc_guard_hut,
          serial_column_ruins, column_ruins_temple_circle, column_ruins_hut,
          column_ruins_open_medium, column_ruins_corridor_straight,
          column_ruins_grid_2, column_ruins_open_medium, column_ruins_grid_2,
          column_ruins_open_small, column_ruins_open_medium,
          corexii_leaking_fountain, nicolae_blasting_shop, minmay_orc_keep
D:10:     layout_loops_ring, zombieorc2_lemuel, enter_trove_1
D:11:     layout_basic, hangedman_decor_slide_cut, uniq_sonja
D:12:     layout_loops_ring, uniq_kirke
D:13:     thingy_vault, layout_long_grid, erik_vaults_2, pf_eden
Temple:   eino_wide_crystal_templ
Lair:1:   layout_regular_city, lemuel_fruit_fields
Lair:2:   layout_big_grid
Lair:3:   layout_loops_ring, dummy_snake_entry, basic_altar, st_stairs_12,
          uniq_snorg
Lair:4:   layout_cave_pods, minmay_swamp_entry_reptiles, serial_bayou_shore_b
Lair:5:   layout_misc_corridors, slime_altar_1, special_room
          [special_room_mythical_zoo]
Lair:6:   cheibrodos_lair_end_hotspot, layout_misc_corridors,
          lemuel_centaur_altar
Swamp:1:  layout_basic_swamp, nicolae_swamp_round_clearing, swamp_pool2
Orc:1:    layout_caves, serial_shops, nicolae_shop_statue_plus
Orc:2:    st_orc_town, layout_caves

Skill      XL: |  1  2  3  4  5  6  7  8  9 10 11 12 13 14 15 |
---------------+----------------------------------------------+-----
Stealth        | 10 11 12 13 | 13.8
Invocations    | 1 2 3 4 5 6 7 8 9 10 11 | 11.2
Short Blades   | 1 2 4 5 6 7 8 9 10 | 10.3
Long Blades    | 1 2 4 5 6 7 8 9 10 | 10.3
Maces & Flails | 1 2 4 5 6 7 8 9 10 | 10.3
Polearms       | 1 2 4 5 6 7 8 9 10 | 10.3
Staves         | 1 2 4 5 6 7 8 9 10 | 10.3
Slings         | 1 2 4 5 6 7 8 9 9 |  0.0
Ranged Weapons | 1 2 4 5 6 7 8 9 10 | 10.3
Crossbows      | 1 2 4 5 6 7 8 9 9 |  0.0
Throwing       | 1 2 4 5 6 7 8 9 10 | 10.3
Armour         | 1 2 4 5 6 7 8 9 10 | 10.3
Shields        | 1 2 4 5 6 7 8 9 10 | 10.3
Unarmed Combat | 1 2 4 5 6 7 8 9 10 | 10.3
Spellcasting   | 1 2 4 5 6 7 8 9 10 | 10.3
Evocations     | 1 2 4 5 6 7 8 9 10 | 10.3
Conjurations   | 1 2 3 4 5 6 7 8 |  8.6
Hexes          | 1 2 3 4 5 6 7 8 |  8.6
Summonings     | 1 2 3 4 5 6 7 8 |  8.6
Necromancy     | 1 2 3 4 5 6 7 8 |  8.6
Translocations | 1 2 3 4 5 6 7 8 |  8.6
Transmutations | 1 2 3 4 5 6 7 8 9 |  0.0
Fire Magic     | 1 2 3 4 5 6 7 8 |  8.6
Ice Magic      | 1 2 3 4 5 6 7 8 |  8.6
Air Magic      | 1 2 3 4 5 6 7 8 |  8.6
Earth Magic    | 1 2 3 4 5 6 7 8 |  8.6
Alchemy        | 1 2 3 4 5 6 7 8 |  8.6
Axes           | 5 6 7 8 9 10 11 | 11.3
Dodging        | 5 6 7 8 9 10 11 | 11.3
Fighting       | 7 8 9 10 11 12 | 12.1
Shapeshifting  | 9 |  9.5

Action                     |  1- 3 |  4- 6 |  7- 9 | 10-12 | 13-15 || total
---------------------------+-------+-------+-------+-------+-------++-------
  Melee: Hand axe          |    48 |    47 |       |       |       ||    95
         Punch             |     5 |    13 |    28 |   126 |   125 ||   297
         Whip              |       |   104 |   265 |   772 |    48 ||  1189
         Touch             |       |     2 |     1 |     4 |       ||     7
         Lajatang          |       |       |       |       |   784 ||   784
   Fire: Sling             |       |       |     4 |    33 |    35 ||    72
  Throw: Dart              |       |     8 |    36 |     9 |       ||    53
 Invoke: Major Destruction |       |       |       |       |     1 ||     1
  Evoke: Wand              |       |       |       |     4 |     3 ||     7
    Use: Potion            |     2 |       |     3 |     8 |     5 ||    18
         Scroll            |       |       |     8 |    14 |    26 ||    48
   Stab: Sleeping          |     5 |    17 |     8 |    15 |    21 ||    66
         Distracted        |     1 |       |     2 |     3 |     6 ||    12
         Confused          |       |       |       |       |     1 ||     1
 Armour: Leather armour    |    15 |    49 |    64 |       |       ||   128
         Scale mail        |       |       |     1 |   225 |    15 ||   241
         Chain mail        |       |       |       |       |   382 ||   382
  Dodge: Dodged            |    40 |   137 |   161 |   439 |   668 ||  1445
  Block: Buckler           |       |       |       |   191 |    11 ||   202

Table legend: (Time is in decaauts)
 A = Elapsed time spent in this place.
 B = Non-inter-level travel time spent in this place.
 C = Inter-level travel time spent in this place.
 D = Time resting spent in this place.
 E = Time spent auto-exploring this place.
 F = Levels seen in this place.
 G = Mean time per level.
                   A        B        C        D        E       F      G
               +--------+--------+--------+--------+--------+-----+--------+
         Total |  22337 |  20800 |   1537 |   2706 |  12917 |  24 |  930.7 |
       Dungeon |  13820 |  13050 |    770 |   1964 |   7858 |  13 | 1063.1 |
        Temple |     28 |     16 |     12 |      0 |      7 |   1 |   28.0 |
          Lair |   6875 |   6190 |    685 |    697 |   3985 |   6 | 1145.8 |
         Swamp |    224 |    224 |      0 |      0 |    135 |   1 |  224.0 |
  Orcish Mines |   1329 |   1259 |     70 |      0 |    931 |   2 |  664.5 |
        Bailey |     58 |     58 |      0 |     45 |      0 |   1 |   58.0 |
               +--------+--------+--------+--------+--------+-----+--------+

Top non-repeatable levels by time:
     D:7: 1856 daAuts
  Lair:2: 1522 daAuts
  Lair:6: 1269 daAuts
     D:6: 1251 daAuts
     D:4: 1238 daAuts
     D:2: 1231 daAuts
  Lair:1: 1160 daAuts
     D:9: 1154 daAuts
  Lair:5: 1103 daAuts
     D:5: 1020 daAuts
     D:8: 944 daAuts
    D:11: 936 daAuts
  Lair:4: 933 daAuts
    D:13: 891 daAuts
  Lair:3: 886 daAuts
